 Dungeon Crawl Stone Soup version 0.29.0-4-gdea44cf6ec (webtiles) character file.

Game seed: 16346967006160505625

63 qw the Chopper (level 4, -2/26 HPs)
             Began as a Tengu Warper on Aug 28, 2022.
             Slain by a gnoll
             ... wielding a +0 club
              (3 damage)
             ... on level 2 of the Dungeon.
             The game lasted 00:00:09 (2381 turns).

qw the Chopper (Tengu Warper)                       Turns: 2381, Time: 00:00:10

Health: -2/26      AC:  3    Str: 14    XL:     4   Next: 10%
Magic:  8/8        EV: 12    Int: 13    God:
Gold:   87         SH:  0    Dex: 13    Spells: 7/7 levels left

rFire   . . .      SeeInvis .   Y - +0 hand axe
rCold   . . .      Faith    .   (no shield)
rNeg    . . .      Spirit   .   b - +0 leather armour
rPois   .          Reflect  .   (helmet restricted)
rElec   .          Harm     .   (no cloak)
rCorr   .          Rampage  .   (no gloves)
Will    .....                   (boots unavailable)
Stlth   +.........              (no amulet)
HPRegen 0.08/turn               (no ring)
MPRegen 0.11/turn               (no ring)

@: about to teleport
A: beak, talons 3
a: no special abilities


You were on level 2 of the Dungeon.
You visited 1 branch of the dungeon, and saw 2 of its levels.

You collected 87 gold pieces.


Innate Abilities, Weirdness & Mutations

You have a beak for a mouth.
You have claws for feet.


   Skills:
 - Level 2.0 Fighting
 + Level 4.7 Axes
 - Level 1.0 Throwing
 - Level 1.1 Armour
 - Level 2.1 Dodging
 - Level 2.0 Spellcasting
 - Level 2.4 Translocations


You had 7 spell levels left.
You didn't know any spells.
Your spell library contained the following spells:

 Spells                   Type           Power      Damage    Failure   Level
 Blink                    Tloc           14%        N/A       19%         2
 Gell's Gravitas          Tloc           7%         N/A       34%         3
 Lesser Beckoning         Tloc           7%         N/A       34%         3
 Teleport Other           Tloc           7%         N/A       34%         3
 Manifold Assault         Tloc           7%         N/A       97%         5

Inventory:

Hand Weapons
 g - a +0 whip
 Y - a +0 hand axe (weapon)
Armour
 b - a +0 leather armour (worn)
 d - a +0 scale mail
Scrolls
 a - a scroll of enchant armour {unknown}
Potions
 e - a potion of lignification {unknown}
 i - a potion of berserk rage {unknown}

Dungeon Overview and Level Annotations

Branches:
Dungeon (2/15)

Altars:
Yredelemnul


Message History

Enter note: A kobold comes into view. It is wielding a +0 short sword.
2148 ||| Stepping ~*~*~tactically~*~*~ (stealth).
Found a stone staircase leading down.
2149 ||| Stepping ~*~*~tactically~*~*~ (stealth).
You slash the ball python!
You kill the ball python!
A kobold is nearby!
The kobold shouts!
You slash the kobold!
You kill the kobold!
You now have 87 gold pieces (gained 7).
Found 4 stones.
Enter note:
Enter note:
Found an escape hatch in the ceiling.
You open the door.
Found a stone staircase leading down.
There is an open door here.
There is a stone staircase leading down here.
You open the door. 2 gnolls come into view.
The gnoll shouts! x2; You hear a shout!
A gnoll comes into view. It is wielding a +0 club.
Enter note:
Enter note:
2377 ||| Stepping ~*~*~tactically~*~*~ (hiding).
The gnoll barely misses you.
There is an open door here.
The gnoll hits you with a +0 halberd.
You barely miss the gnoll. You claw the gnoll. You peck the gnoll.
The gnoll is severely wounded.
You hit the gnoll. The gnoll barely misses you.
The gnoll hits you with a +0 halberd! x2
The gnoll hits you with a +0 club. The gnoll hits you with a +0 whip.
2381 ||| READING scroll of teleportation.
As you read the scroll of teleportation, it crumbles to dust.
You feel strangely unstable. The gnoll hits you with a +0 club.
You die...

)##............# #.#
.##.##########.#.#.#######
.#.........# #.#.#.......#
........##.# #.#.#######.#
.######.##.###.#.# #.#
........##.....#.# #.#
.......#########.# #.#
.......# ........### #.#
.......# ......g@'.# #.#
.......# ......gg#.# #.#
.......# ........#.# #.#
.......# ........#.# #.#
######## ........#.# #.#
........#.#####.#
#########.......#
#########


You could see 3 gnolls.

Vanquished Creatures
  3 adders (D:2)
  3 ball pythons
  3 endoplasms
  A giant cockroach (D:1)
  3 goblins
  4 hobgoblins (D:1)
  4 quokkas
  5 bats (D:1)
  A frilled lizard (D:1)
  2 kobolds (D:2)
  7 rats
36 creatures vanquished.

Notes
Turn   | Place    | Note
-------+----------+-------------------------------------------
     0 | D:1      | qw the Tengu Warper began the quest for the Orb.
     0 | D:1      | Reached XP level 1. HP: 12/12 MP: 4/4
     0 | D:1      | 0 ||| qw: Version: 0.1-a-89-g26bdef1
     0 | D:1      | 0 ||| qw: Game counter: 394
     0 | D:1      | 0 ||| qw: Always use a shield: true
     0 | D:1      | 0 ||| qw: God list: Okawaru
     0 | D:1      | 0 ||| qw: Allow faded altars: false
     0 | D:1      | 0 ||| qw: Do Orc after D:15 true
     0 | D:1      | 0 ||| qw: Do second Lair branch before Depths: true
     0 | D:1      | 0 ||| qw: Lair rune preference: random
     0 | D:1      | 0 ||| qw: Plans: Normal
     0 | D:1      | 0 ||| PLANNING D:1-11
    13 | D:1      | 13 ||| Stepping ~*~*~tactically~*~*~ (stealth).
    67 | D:1      | Reached XP level 2. HP: 17/17 MP: 6/6
    88 | D:1      | Reached skill level 3 in Axes
   393 | D:1      | 393 ||| Stepping ~*~*~tactically~*~*~ (stealth).
   812 | D:1      | Reached XP level 3. HP: 20/21 MP: 7/7
  1184 | D:1      | 1184 ||| DROPPING orb of wrath.
  1185 | D:1      | 1185 ||| DROPPING ring of magical power.
  1186 | D:1      | 1186 ||| READING scroll labelled AQEUF BOVVUI.
  1187 | D:1      | 1187 ||| READING scroll labelled AWUKED KECETEO.
  1192 | D:1      | 1192 ||| DROPPING scroll of blinking.
  1261 | D:2      | Reached skill level 4 in Axes
  1531 | D:2      | Found a basalt altar of Yredelemnul.
  1777 | D:2      | Noticed a great orb of eyes
  1779 | D:2      | Found a faded altar of an unknown god.
  1832 | D:2      | Noticed a great orb of eyes
  1832 | D:2      | Noticed a floating eye
  1832 | D:2      | Noticed a golden eye
  1975 | D:2      | 1975 ||| DROPPING +0 club.
  2012 | D:2      | Reached XP level 4. HP: 18/26 MP: 8/8
  2148 | D:2      | 2148 ||| Stepping ~*~*~tactically~*~*~ (stealth).
  2149 | D:2      | 2149 ||| Stepping ~*~*~tactically~*~*~ (stealth).
  2377 | D:2      | 2377 ||| Stepping ~*~*~tactically~*~*~ (hiding).
  2380 | D:2      | HP: 5/26 [gnoll/+0 halberd (10)]
  2380 | D:2      | HP: 1/26 [gnoll/+0 whip (3)]
  2381 | D:2      | 2381 ||| READING scroll of teleportation.
  2381 | D:2      | Slain by a gnoll

Levels and vault maps discovered:
D:1:      minmay_arrival_three_doors, layout_loops_ring, hangedman_decor_push
D:2:      layout_basic, basic_altar, hellmonk_ecumenical_altar_watching_god

Skill      XL: |  1  2  3 |
---------------+----------+-----
Axes           | 3 4 |  4.7
Fighting       | |  2.0
Throwing       | |  1.0
Armour         | |  1.1
Dodging        | |  2.1
Spellcasting   | |  2.0
Translocations | |  2.4

Action                   |  1- 3 |  4- 6 || total
-------------------------+-------+-------++-------
Melee: Hand axe          |    83 |     3 ||    86
       Peck              |    10 |     1 ||    11
       Kick              |    20 |     1 ||    21
       Punch             |     3 |       ||     3
Throw: Boomerang         |     7 |       ||     7
  Use: Scroll            |     2 |     1 ||     3
Armor: Leather armour    |    21 |       ||    21
Dodge: Dodged            |    37 |     2 ||    39

Table legend:
 A = Non-vault XP
 B = Vault XP
 C = Vault XP percentage of total XP
 D = Non-vault monster count
 E = Vault monster count
 F = Vault count percentage of total count
                 A         B        C        D         E       F
            +---------+---------+-------+---------+---------+-------
      Total |      91 |       0 |   0.0 |      36 |       0 |   0.0
            +---------+---------+-------+---------+---------+-------
        D:1 |      40 |       0 |   0.0 |      25 |       0 |   0.0
        D:2 |      51 |       0 |   0.0 |      11 |       0 |   0.0
            +---------+---------+-------+---------+---------+-------
